 Dungeon Crawl Stone Soup version 0.25.0-26-g0c896c7088 (webtiles) character file.

Game seed: 2649912096007613399

97 xccam the Sneak (level 4, -8/29 HPs)
             Began as an Octopode Assassin on July 2, 2020.
             Mangled by Terence
             ... wielding a +0 trident
              (10 damage)
             ... on level 2 of the Dungeon.
             The game lasted 00:01:27 (1673 turns).

xccam the Sneak (Octopode Assassin)                 Turns: 1673, Time: 00:01:27

Health: -8/29      AC:  1    Str: 10    XL:     4   Next: 68%
Magic:  4/4        EV: 13    Int: 13    God:
Gold:   61         SH:  0    Dex: 14    Spells: 3/3 levels left

rFire    . . .     SeeInvis .   a - +2 dagger
rCold    . . .     Gourm    .   (no shield)
rNeg     . . .     Faith    .   (helmet restricted)
rPois    .         Spirit   .   (no amulet)
rElec    .         Reflect  .   (no ring)
rCorr    .         Harm     .   (no ring)
MR       .....                  (no ring)
Stlth    ++++......             (no ring)
HPRegen  0.09/turn              (no ring)
MPRegen  0.09/turn              (no ring)
                                (no ring)
                                (no ring)

@: no status effects
A: almost no armour, stealthy swim, amphibious, 8 rings, constrict 8, camouflage
1, gelatinous body 1
a: no special abilities


You were on level 2 of the Dungeon.
You were not hungry.

You visited 1 branch of the dungeon, and saw 2 of its levels.

You collected 61 gold pieces.

Inventory:

Hand Weapons
 a - a +2 dagger (weapon)
Missiles
 b - 8 poisoned darts (quivered)
 c - 2 curare-tipped darts
Scrolls
 e - a scroll of blinking {unknown}
 f - 2 scrolls of identify {unknown}
 h - a scroll of teleportation {unknown}
 k - a scroll of magic mapping {unknown}
 l - a scroll of remove curse {unknown}
 n - a scroll of amnesia {unknown}
Potions
 g - a potion of mutation {unknown}
 m - a potion of curing {unknown}
Comestibles
 d - 6 rations
 i - 3 chunks of flesh


   Skills:
 - Level 2.0 Fighting
 + Level 4.7 Short Blades
 - Level 2.0 Throwing
 - Level 1.0 Dodging
 - Level 5.3 Stealth


You had 3 spell levels left.
You didn't know any spells.
Your spell library was empty.

Dungeon Overview and Level Annotations

Branches:
Dungeon (2/15)

Altars:

Annotations:
D:2 Terence


Innate Abilities, Weirdness & Mutations

You cannot wear most types of armour.
You are very stealthy in the water. (Stealth+)
You are amphibious.
You can wear up to eight rings at the same time.
You can use your tentacles to constrict eight enemies at once.
Your skin changes colour to match your surroundings (Stealth+).
Your rubbery body absorbs attacks. (AC +1, EV +1)


Message History

Terence is severely wounded.
You constrict Terence. Terence hits you with a +0 trident!
* * * LOW HITPOINT WARNING * * *
You barely miss Terence.
Terence is severely wounded.
You constrict Terence. Terence hits you with a +0 trident.
* * * LOW HITPOINT WARNING * * *
It was a potion of magic.
Magic courses through your body.
You constrict Terence, but do no damage.
Terence hits you with a +0 trident.
* * * LOW HITPOINT WARNING * * *
You hit Terence.
Terence is almost dead.
You constrict Terence, but do no damage.
Terence hits you with a +0 trident.
* * * LOW HITPOINT WARNING * * *
You hit Terence but do no damage.
Terence is almost dead.
You constrict Terence. Terence hits you with a +0 trident!
You die...

##..........###.##.
#.........### #.##.
#.#...###.# #.##.
#.#...# #.#####.#..
#.#...###..........
#.#.†..............
#.#.#.####[>.......
##.#.#.# #.##.###.#
#..@.#.# #.##.# #..
#.@###.# #.##.# #..
#.. #.# #.##.# #..
#.. #.# #.#... #..
#.. ... #..... ...
##. ###...##.. #$
..... #.


You could see Terence (fast).

Vanquished Creatures
  Natasha (D:2)
  2 adders (D:2)
  3 dart slugs
  3 leopard geckos
  A ball python (D:1)
  7 bats
  A giant cockroach (D:1)
  A hobgoblin (D:1)
  6 jackals
  A quokka (D:2)
  5 goblins
  8 kobolds
  7 rats
46 creatures vanquished.

Notes
Turn   | Place    | Note
-------+----------+-------------------------------------------
     0 | D:1      | xccam the Octopode Assassin began the quest for the Orb.
     0 | D:1      | Reached XP level 1. HP: 14/14 MP: 1/1
    73 | D:1      | Reached XP level 2. HP: 10/19 MP: 2/2
   487 | D:1      | Reached XP level 3. HP: 23/24 MP: 3/3
  1314 | D:2      | Reached XP level 4. HP: 26/29 MP: 4/4
  1531 | D:2      | Noticed Natasha
  1537 | D:2      | Killed Natasha
  1660 | D:2      | Noticed Terence
  1673 | D:2      | Mangled by Terence

Illustrated notes

Levels and vault maps discovered:
D:1:      lemuel_arrival_lava_pool, layout_loops_ring, minmay_misc_feat_x,
          serial_park_tiny_1
D:2:      layout_loops_ring, first_ration, minmay_vboxes, uniq_terence,
          uniq_natasha

Skill      XL: |  1  2  3 |
---------------+----------+-----
Short Blades   | 3 4 |  4.7
Fighting       | |  2.0
Throwing       | |  2.0
Dodging        | |  1.0
Stealth        | |  5.3

Action                   |  1- 3 |  4- 6 || total
-------------------------+-------+-------++-------
Melee: Dagger            |    74 |    24 ||    98
       Constrict         |    15 |     4 ||    19
       Tentacles         |     9 |     7 ||    16
  Use: Potion            |       |     1 ||     1
 Stab: Sleeping          |    12 |     1 ||    13
       Distracted        |     1 |       ||     1
  Eat: Chunk             |     1 |     1 ||     2
Armor: Skin              |     2 |       ||     2
Dodge: Dodged            |    36 |     9 ||    45
